 Dungeon Sprint DCSS version 0.31-a0-358-gac0dbeb3ab (webtiles) character file.

Game seed: 13079787590300558773

1088 garrulousMonolith the Mimic (level 8, -8/57 HPs)
             Began as an Octopode Shapeshifter on July 25, 2023.
             Was a Believer of Cheibriados.
             Shot with a bolt by a yaktaur (23 damage)
             ... in the Dungeon (Sprint V: "Ziggurat Sprint").
             The game lasted 00:02:03 (219 turns).

garrulousMonolith the Mimic (Octopode Shapeshifter)  Turns: 219, Time: 00:02:04

Health: -8/57      AC:  1    Str: 35    XL:     8   Next: 30%
Magic:  14/14      EV: 12    Int: 24    God:    Cheibriados [**....]
Gold:   0          SH: 30    Dex: 24    Spells: 7/7 levels left

rFire   + . .        H - +11 Screaming Sword {sonic wave}
rCold   . . .        G - +18 shield of the Gong {Loud rN+ Will+ rCorr EV-5}
rNeg    + . .        (helmet currently unavailable)
rPois   .            (no amulet)
rElec   .            s - +6 ring of dexterity
rCorr   +            u - +6 ring of intelligence
SInv    .            w - +6 ring of strength
Will    +....        x - +6 ring of strength
Stlth   ++++         r - ring of flight
HPRegen 0.29/turn    l - ring "Habodyh" {*Slow rF+ Int+2 Stlth+}
MPRegen 0.14/turn    (no ring)
                     (no ring)

%: no teleportation, slow self (1%)
@: beast-form, flying, slowed, very slow
A: beast (slay +6), almost no armour, amphibious, 8 rings, camouflage 1,
gelatinous body 1, (nimble swimmer 1), tentacles
a: Begin Untransformation, Renounce Religion, Bend Time


You were in the Dungeon.
You worshipped Cheibriados.
Cheibriados was pleased with you.
You were a hulking beast.
You visited 1 branch

Inventory:

Hand Weapons
 D - the +6 Majin-Bo {spellvamp, MP+6 Int+6}
   (You found it in the Dungeon)

   Int:       It affects your intelligence (+6).
   MP:        It affects your magic capacity (+6).
 E - the +27 heavy crossbow "Sniper" {heavy, Acc+∞ SInv}
   (You found it in the Dungeon)

   Acc+∞: It never misses its target.
   SInv:      It lets you see invisible.
 F - the +16 obsidian axe {drain, demonic, Mesm Drain Fly SInv}
   (You found it in the Dungeon)

   Mesm:      Its wielder is mesmerised by any visible foes, and it cannot be
   unequipped while any foes are visible.
   SInv:      It lets you see invisible.
   Fly:       It grants you flight.
   Drain:     It drains your maximum health when unequipped.
 H - the +11 Screaming Sword (weapon) {sonic wave}
   (You found it in the Dungeon)
 I - the +8 lance "Wyrmbane" {slay drac, rPois rF+ rC+ AC+3}
   (You found it in the Dungeon)

   AC:        It affects your AC (+3).
   rF:        It protects you from fire.
   rC:        It protects you from cold.
   rPois:     It protects you from poison.
Armour
 G - the +18 shield of the Gong (worn) {Loud rN+ Will+ rCorr EV-5}
   (You found it in the Dungeon)

   Loud:      It is deafeningly noisy when blocking attacks.
   EV:        It affects your evasion (-5).
   rN:        It protects you from negative energy.
   rCorr:     It protects you from acid and corrosion.
   Will:      It increases your willpower.
Jewellery
 l - the ring "Habodyh" (on tentacle) {*Slow rF+ Int+2 Stlth+}
   (You found it in the Dungeon)

   [ring of protection from fire]

   Int:       It affects your intelligence (+2).
   rF:        It protects you from fire.
   *Slow:     It may slow you when you take damage.
   Stlth:     It makes you more stealthy.
 r - a ring of flight (on tentacle)
 s - a +6 ring of dexterity (left tentacle)
 u - a +6 ring of intelligence (right tentacle)
 v - a +6 ring of intelligence
 w - a +6 ring of strength (on tentacle)
 x - a +6 ring of strength (on tentacle)
Talismans
 b - a beast talisman
 A - a blade talisman
 B - a maw talisman
 C - a serpent talisman
Wands
 y - a wand of mindburst (7)
 z - a wand of light (7)
Scrolls
 h - 4 scrolls of blinking
 n - 4 scrolls of amnesia
 o - 7 scrolls of fog
 p - 5 scrolls of identify
 q - 2 scrolls of fear
Potions
 a - a potion of lignification
 c - 10 potions of curing
 d - 8 potions of heal wounds
 e - 6 potions of haste
 f - 7 potions of magic
 g - 2 potions of berserk rage
 i - 2 potions of brilliance
 j - a potion of invisibility
 k - 4 potions of resistance
 m - 4 potions of might


   Skills:
 + Level 5.9 Fighting
 + Level 6.2 Dodging
 + Level 5.5 Shields
 + Level 6.4 Unarmed Combat
 * Level 8.9 Invocations
 * Level 9.9 Shapeshifting


You had 7 spell levels left.
You didn't know any spells.
Your spell library was empty.

Dungeon Overview and Level Annotations

Branches:
Dungeon (1/1)

Altars:
Ashenzari
Cheibriados
Dithmenos
Elyvilon
Fedhas
Gozag
Hepliaklqana
Kikubaaqudgha
Makhleb
Nemelex Xobeh
Okawaru
Qazlal
Ru
Sif Muna
Trog
Uskayaw
Vehumet
Wu Jian
Xom
Yredelemnul
Zin
The Shining One
Jiyva
Lugonu

Annotations:
D 1 transporter


Innate Abilities, Weirdness & Mutations

You are a hulking beast.
Your limbs bulge with bestial killing power. (Slay +6)
You cannot wear most types of armour.
You are amphibious.
You can wear up to eight rings at the same time.
Your skin changes colour to match your surroundings (Stealth+).
Your rubbery body absorbs attacks. (AC +1, EV +1)
((You are camouflaged when in or above water. (Stealth+)))
You have tentacles for arms and can constrict up to eight enemies at once.


Message History

The centaur wields a +0 shortbow.
The centaur shoots an arrow.
The arrow hits you.
The centaur wields a +2 heavy orcbow.
The centaur shoots an arrow.
GONNNNG!
You block the arrow.
The yaktaur wields a +0 arbalest.
The yaktaur shoots a bolt.
The bolt hits you!!
Ouch! That really hurt!
The centaur shoots an arrow.
GONNNNG!
You block the arrow.
The centaur shoots an arrow.
GONNNNG!
You block the arrow.
The yaktaur shouts!
Okay, then.
You feel much better.
The centaur shoots an arrow.
The arrow hits you.
The centaur shoots an arrow.
BONNNG!
You block the arrow.
The yaktaur shoots a bolt.
The bolt hits you!!
You feel much better.
The centaur shoots an arrow.
The arrow hits you!
You feel yourself slow down.
The centaur shoots an arrow.
BOUMMMMG!
You block the arrow.
The centaur shoots an arrow.
SHROANNG!
You block the arrow.
The yaktaur shoots a bolt.
The bolt closely misses you.
You don't know any spells.
Okay, then.
The centaur shoots an arrow.
PTOANNNG!
You block the arrow.
The centaur shoots an arrow.
BONNNG!
You block the arrow.
The yaktaur wields a +2 arbalest of flaming.
It bursts into flame!
The yaktaur shoots a bolt.
PANG!
You block the bolt.
The yaktaur shoots a bolt.
The bolt hits you!!
* * * LOW HITPOINT WARNING * * *
The centaur shoots an arrow.
The arrow barely misses you.
The centaur unwields a +0 shortbow.
The centaur barely misses you. The centaur closely misses you.
The yaktaur shoots a bolt.
The bolt hits you!!
You die...

▓▓▓▓▓▓▓▓▓▓▓▓▓▓▓▓▓▓▓
▓.8©8.▓.8©8.▓.8©8.▓
▓.}||.▓.|=).▓.....▓
▓.ccc.▓.....▓...).▓
▓...c.▓.....▓.)...▓
▓..h..▓..††.▓.)...▓
▓.....▓.....▓..©..▓
▓..©..▓..©..▓▓▓▓▓▓▓
▓▓▓▓▓▓▓▓▓▓▓▓▓


You could see 2 yaktaurs and 2 centaurs.

Vanquished Creatures
  2 draconians (D)
  A blink frog (shapeshifter) (D)
  A boggart (shapeshifter) (D)
  A wolf (shapeshifter) (D)
5 creatures vanquished.

Notes
Turn   | Place    | Note
-------+----------+-------------------------------------------
     0 | D        | garrulousMonolith the Octopode Shapeshifter began the quest
                  | for the Orb.
     0 | D        | Reached XP level 1. HP: 13/13 MP: 1/1
     0 | D        | Found a shimmering blue altar of Sif Muna.
     0 | D        | Found a bloodstained altar of Trog.
     0 | D        | Found a sacrificial altar of Ru.
     0 | D        | Found a stormy altar of Qazlal.
     0 | D        | Found an iron altar of Okawaru.
     1 | D        | Found a sparkling altar of Nemelex Xobeh.
     1 | D        | Found a blossoming altar of Fedhas.
     1 | D        | Found the +6 Majin-Bo {spellvamp, MP+6 Int+6}
     1 | D        | Found the +27 heavy crossbow "Sniper" {heavy, Acc+∞ SInv}
     1 | D        | Found the +10 dark maul {heavy}
     1 | D        | Found the +15 Maxwell's patent armour {-Cast -Tele rElec
                  | Will+ rCorr}
     1 | D        | Found the +18 shield of the Gong {Loud rN+ Will+ rCorr
                  | EV-5}
     1 | D        | Found the +16 obsidian axe {drain, demonic, Mesm Drain Fly
                  | SInv}
     1 | D        | Found the +7 great mace "Firestarter" {flame, immolate,
                  | rFlCloud rF++}
     1 | D        | Found the +6 shillelagh "Devastator" {shatter}
     1 | D        | Found the +11 plutonium sword {Contam Stlth-}
     1 | D        | Found the +8 lance "Wyrmbane" {slay drac, rPois rF+ rC+
                  | AC+3}
     1 | D        | Found the +9 sword of Zonguldrok {reap}
     1 | D        | Found the +13 scythe of Curses {drain, curses, Drain}
     1 | D        | Found the +9 sword of Power {lifebolt}
     1 | D        | Found the +7 mace of Variability {chaos, chaos arc}
     1 | D        | Found the +11 Singing Sword {sonic wave}
     1 | D        | Found the +8 storm bow {elec, penet}
     3 | D        | Found a transporter.
     3 | D        | Found an ancient bone altar of Kikubaaqudgha.
     3 | D        | Found a viscous altar of Jiyva.
     3 | D        | Found a corrupted altar of Lugonu.
     3 | D        | Found a hazy altar of Hepliaklqana.
     3 | D        | Found a burning altar of Makhleb.
     3 | D        | Found an opulent altar of Gozag.
    54 | D        | Became a worshipper of Cheibriados the Contemplative
    57 | D        | Reached skill level 6 in Shapeshifting
    57 | D        | Reached XP level 2. HP: 18/18 MP: 2/2
    64 | D        | Entered arena 2.
    64 | D        | Noticed a draconian
    64 | D        | Noticed a draconian
    64 | D        | Found a transporter.
    74 | D        | Killed a draconian
    75 | D        | Reached skill level 5 in Unarmed Combat
    75 | D        | Reached skill level 8 in Shapeshifting
    75 | D        | Reached XP level 3. HP: 18/27 MP: 2/7
    75 | D        | Reached XP level 4. HP: 23/34 MP: 2/9
    75 | D        | Reached XP level 5. HP: 26/38 MP: 2/10
    75 | D        | Reached XP level 6. HP: 30/44 MP: 2/11
    77 | D        | Killed a draconian
    77 | D        | Reached * piety under Cheibriados
    78 | D        | Reached skill level 5 in Fighting
    78 | D        | Reached skill level 5 in Dodging
    78 | D        | Reached skill level 5 in Shields
    78 | D        | Reached skill level 9 in Shapeshifting
    78 | D        | Reached XP level 7. HP: 16/50 MP: 2/13
   185 | D        | Got the ring "Habodyh" {*Slow rF+ Int+2 Stlth+}
   189 | D        | Entered arena 3.
   189 | D        | Found a transporter.
   190 | D        | a bullfrog changed into a blink frog
   190 | D        | Noticed a blink frog (shapeshifter)
   192 | D        | Reached ** piety under Cheibriados
   193 | D        | Reached XP level 8. HP: 57/57 MP: 10/14
   194 | D        | Killed a blink frog
   215 | D        | Entered arena 4.
   215 | D        | Noticed a yaktaur
   215 | D        | Noticed a yaktaur
   215 | D        | Found a transporter.
   219 | D        | Shot with a bolt by a yaktaur

Illustrated notes

Levels and vault maps discovered:
D:        sprint_v [room_start, room_1, room_2, room_3, room_4, room_5, room_6,
          room_7, room_8, room_9, room_10, room_11, room_12, room_13, room_14,
          room_15, room_16, room_17, room_18, room_19, room_20, room_21,
          room_22, room_23, room_24, room_25, room_26, room_27]

Skill      XL: |  1  2  3  4  5  6  7 |
---------------+----------------------+-----
Shapeshifting  | 6 8 9 |  9.9
Fighting       | 4 5 |  5.9
Dodging        | 4 5 6 |  6.2
Shields        | 4 5 |  5.5
Unarmed Combat | 5 6 |  6.4
Invocations    | 6 8 |  8.9

Action                     |  1- 3 |  4- 6 |  7- 9 || total
---------------------------+-------+-------+-------++-------
  Melee: Double sword      |     6 |     3 |     2 ||    11
         Tentacles         |     2 |     1 |     1 ||     4
         Constrict         |     1 |     1 |     1 ||     3
         Punch             |       |     1 |       ||     1
 Invoke: Bend Time         |       |       |     1 ||     1
    Use: Potion            |     4 |       |     2 ||     6
  Dodge: Dodged            |     6 |     1 |     4 ||    11
  Block: Kite shield       |     8 |     1 |    11 ||    20

Table legend: (Time is in decaauts)
 A = Elapsed time spent in this place.
 B = Non-inter-level travel time spent in this place.
 C = Inter-level travel time spent in this place.
 D = Time resting spent in this place.
 E = Time spent auto-exploring this place.
 F = Levels seen in this place.
 G = Mean time per level.
                   A        B        C        D        E       F      G
               +--------+--------+--------+--------+--------+-----+--------+
         Total |    250 |    250 |      0 |    130 |      0 |   1 |  250.0 |
       Dungeon |    250 |    250 |      0 |    130 |      0 |   1 |  250.0 |
               +--------+--------+--------+--------+--------+-----+--------+

Top non-repeatable levels by time:
       D: 250 daAuts
